 Dungeon Crawl Stone Soup version 0.26.0-16-gc1dbca0489 (webtiles) character file.

Game seed: 7282771828393927342

424 EnegeticOcto the Skirmisher (level 6, 0/57 HPs)
             Began as a Ghoul Venom Mage on Jan 20, 2021.
             Was a Believer of Ru.
             Slain by Blork the orc
             ... wielding the +8 dagger of Resourcefulness {speed, Will- Str+4}
              (1 damage)
             ... on level 4 of the Dungeon.
             The game lasted 00:05:05 (5098 turns).

EnegeticOcto the Skirmisher (Ghoul Venom Mage)      Turns: 5098, Time: 00:05:06

Health: 0/57       AC:  8    Str: 11 (14) XL:     6   Next: 96%
Magic:  16/16      EV:  9    Int: 10      God:    Ru [**....]
Gold:   140        SH:  0    Dex:  9      Spells: 7/8 levels left

rFire    . . .     SeeInvis .   g - +1 mace
rCold    + . .     Faith    .   (no shield)
rNeg     + + +     Spirit   .   f - +1 scale mail (curse)
rPois    ∞         Reflect  .   d - +0 helmet
rElec    .         Harm     .   (no cloak)
rCorr    .         Rampage  .   (no gloves)
Will     +....                  (no boots)
Stlth    ..........             (no amulet)
HPRegen  0.00/turn              q - ring of magical power
MPRegen  0.15/turn              s - ring of willpower

@: mighty
A: claws 1, cold resistance 1, negative energy resistance 3, inhibited
regeneration, torment resistance, unbreathing, inexperienced 1
a: Renounce Religion


You were on level 4 of the Dungeon.
You worshipped Ru.
Ru was pleased with you.
You visited 1 branch of the dungeon, and saw 4 of its levels.

You collected 140 gold pieces.

Inventory:

Hand Weapons
 g - a +1 mace (weapon)
   (You found it on level 1 of the Dungeon)
Missiles
 h - 3 poisoned darts (quivered)
 t - a throwing net {!f}
Armour
 b - a +0 ring mail
   (You found it on level 1 of the Dungeon)
 d - a +0 helmet (worn)
   (You took it off Robin on level 4 of the Dungeon)
 f - a cursed +1 scale mail (worn)
   (You found it on level 1 of the Dungeon)
 u - a +0 pair of gloves
   (You found it on level 4 of the Dungeon)
Jewellery
 q - a ring of magical power (left claw)
   (You found it on level 3 of the Dungeon)
 s - a ring of willpower (right claw)
   (You found it on level 4 of the Dungeon)
Scrolls
 a - a scroll of enchant weapon
 e - a scroll of immolation {unknown}
 k - a scroll of enchant armour
 m - a scroll of fear {!r}
 p - a scroll of blinking {unknown}
Potions
 c - a potion of magic
 n - 2 potions of brilliance
 o - a potion of flight


   Skills:
 + Level 6.1 Fighting
 + Level 4.7 Maces & Flails
 - Level 1.7 Dodging
 - Level 2.1 Stealth
 - Level 1.7 Spellcasting
 - Level 0.8 Transmutations
 - Level 3.0 Poison Magic


You had 7 spell levels left.
You knew the following spells:

 Your Spells              Type           Power        Failure   Level
a - Sting                 Tmut/Pois      16%          67%         1

Your spell library contained the following spells:

 Spells                   Type           Power        Failure   Level
 Poisonous Vapours        Pois/Air       6%           86%         2
 Ignite Poison            Fire/Tmut/Pois 3%           98%         3
 Mephitic Cloud           Conj/Pois/Air  2%           99%         3
 Olgreb's Toxic Radiance  Pois           6%           99%         4


Dungeon Overview and Level Annotations

Branches:
Dungeon (4/15)
 Temple: D:4-7

Altars:
Ru
The Shining One

Annotations:
D:3 Grinder
D:4 Blork the orc


Innate Abilities, Weirdness & Mutations

You thrive by killing the living.
You are immune to poison.
You have sharp fingernails.
Your flesh is cold resistant. (rC+)
You are immune to negative energy. (rN+++)
You do not regenerate when monsters are visible.
You are immune to unholy pain and torment.
You can survive without breathing.
You are somewhat inexperienced. (-2 XL)


Message History

You throw a poisoned dart. The poisoned dart hits the orc wizard.
The orc wizard is moderately wounded.
Blork the orc casts a spell at you. The puff of frost hits you. You resist.
Throw: 9 darts (poison)
Press: ? - help, Q - select action, (/) - cycle Shift-Dir - straight line, f/p - orc wizard
Aim: an orc wizard, wielding a +0 trident and wearing a +0 robe (moderately wounded, poisoned)
You throw a poisoned dart. The poisoned dart hits the orc wizard.
The orc wizard looks even sicker.
The orc wizard is moderately wounded.
The orc wizard hits you but does no damage.
Blork the orc begins to cast a spell, but is stunned by your conviction!
The orc wizard is stunned by your conviction and fails to attack.
You completely miss the orc wizard.
The orc wizard is moderately wounded.
You hit the orc wizard but do no damage.
The orc wizard is heavily wounded.
Blork the orc looks encouraged for a moment.
The orc wizard hits you but does no damage.
Blork the orc drinks a potion.
Blork the orc seems to grow stronger.
Throw: 3 darts (curare)
Press: ? - help, Q - select action, (/) - cycle Shift-Dir - straight line, f - Blork the orc, p - orc wizard
Aim: Blork the orc, wielding the +8 dagger of Resourcefulness {speed, Will- Str+4} and wearing a +0 robe (strong)
You throw a curare-tipped dart.
The curare-tipped dart barely misses Blork the orc.
The orc wizard hits you but does no damage.
Blork the orc begins to cast a spell, but is stunned by your conviction!
Throw: 2 darts (curare)
Press: ? - help, Q - select action, (/) - cycle Shift-Dir - straight line, f/p - Blork the orc
Aim: Blork the orc, wielding the +8 dagger of Resourcefulness {speed, Will- Str+4} and wearing a +0 robe (strong)
You throw a curare-tipped dart.
The curare-tipped dart hits Blork the orc.
Blork the orc is poisoned.
Blork the orc convulses.
Blork the orc seems to slow down.
Blork the orc is moderately wounded.
The orc wizard points at you and mumbles some strange words.
The magic dart hits you.
Throw: dart (curare)
Press: ? - help, Q - select action, (/) - cycle Shift-Dir - straight line, f/p - Blork the orc
Aim: Blork the orc, wielding the +8 dagger of Resourcefulness {speed, Will- Str+4} and wearing a +0 robe (moderately wounded, strong, very poisoned, slow)
You throw a curare-tipped dart.
The curare-tipped dart closely misses Blork the orc.
You kill the orc wizard!
You feel better.
Throw: 8 darts (poison)
Press: ? - help, Q - select action, (/) - cycle Shift-Dir - straight line, f/p - Blork the orc
Aim: Blork the orc, wielding the +8 dagger of Resourcefulness {speed, Will- Str+4} and wearing a +0 robe (heavily wounded, strong, very poisoned, slow)
You throw a poisoned dart. The poisoned dart hits Blork the orc.
Blork the orc looks even sicker.
Blork the orc is heavily wounded.
Blork the orc screams, "You are the ugliest creature I've ever seen!"
Throw: 7 darts (poison)
Press: ? - help, Q - select action, (/) - cycle Shift-Dir - straight line, f/p - Blork the orc
Aim: Blork the orc, wielding the +8 dagger of Resourcefulness {speed, Will- Str+4} and wearing a +0 robe (moderately wounded, strong, very poisoned, slow)
You throw a poisoned dart. The poisoned dart hits Blork the orc.
Blork the orc is moderately wounded.
Blork the orc is no longer moving slowly.
Blork the orc gestures wildly while chanting.
Blork the orc seems to speed up.
Throw: 6 darts (poison)
Press: ? - help, Q - select action, (/) - cycle Shift-Dir - straight line, f/p - Blork the orc
Aim: Blork the orc, wielding the +8 dagger of Resourcefulness {speed, Will- Str+4} and wearing a +0 robe (heavily wounded, fast, strong, very poisoned)
You throw a poisoned dart. The poisoned dart hits Blork the orc.
Blork the orc looks even sicker.
Blork the orc is heavily wounded.
Blork the orc looks braver for a moment.
Throw: 5 darts (poison)
Press: ? - help, Q - select action, (/) - cycle Shift-Dir - straight line, f/p - Blork the orc
Aim: Blork the orc, wielding the +8 dagger of Resourcefulness {speed, Will- Str+4} and wearing a +0 robe (severely wounded, fast, strong, very poisoned)
You throw a poisoned dart.
The poisoned dart completely misses Blork the orc.
Blork the orc points at you and mumbles some strange words.
The puff of frost hits you. You resist.
Blork the orc points at you and mumbles some strange words.
The puff of frost hits you. You resist.
There is an open door here.
Blork the orc hits you with the +8 dagger of Resourcefulness {speed, Will- Str+4}.
Blork the orc gestures at himself while chanting.
Blork the orc flickers and vanishes!
Deactivating autopickup; reactivate with Ctrl-A.
Something hits you!
Things that are here:
a +0 dagger; a +0 robe Throw: 4 darts (poison)
Press: ? - help, Q - select action, (/) - cycle Shift-Dir - straight line You throw a poisoned dart.
Something hits you! Something hits you!
* * * LOW HITPOINT WARNING * * *
Really quaff
l - a potion of might {@q3 !q}?
You feel very mighty all of a sudden. Something hits you!
* * * LOW HITPOINT WARNING * * *
Something hits you but does no damage.
You miss something. Something hits you.
* * * LOW HITPOINT WARNING * * *
Something hits you but does no damage.
Okay, then.
You closely miss something. Something hits you.
You die...

...# #......#
#.##.>###..###.#. ####
#).....# #.##.## #..#
#.#. ##.)...#
#.##.####..# #.#.
#.....# #.#........#
#.#. ##.#'##
#.##.#.###.###.#.
###.#
#....#..)......#. #.#
######.#.........
#.####################
#..(.@................
######################


There were no monsters in sight!

Vanquished Creatures
  Sigmund (D:3)
  A scorpion (D:4)
  A jelly (D:4)
  3 orc wizards (D:4)
  3 hounds (D:4)
  Jessica (D:3)
  A worker ant (D:4)
  Robin (D:4)
  6 adders
  2 oozes (D:1)
  3 worms
  5 dart slugs
  4 leopard geckos
  11 orcs
  2 ball pythons (D:4)
  2 giant cockroaches
  12 goblins
  7 hobgoblins
  A quokka (D:3)
  3 bats
  6 frilled lizards
  A jackal skeleton (D:4)
  5 kobolds
  6 rats
88 creatures vanquished.

Vanquished Creatures (others)
  An orc wizard (D:4)
1 creature vanquished.

Grand Total: 89 creatures vanquished

Notes
Turn   | Place    | Note
-------+----------+-------------------------------------------
     0 | D:1      | EnegeticOcto the Ghoul Venom Mage began the quest for the
                  | Orb.
     0 | D:1      | Reached XP level 1. HP: 14/14 MP: 2/2
   146 | D:1      | Reached skill level 1 in Fighting
   429 | D:1      | Found a glowing golden altar of the Shining One.
   657 | D:1      | Reached XP level 2. HP: 14/24 MP: 3/3
   810 | D:1      | Reached skill level 2 in Fighting
  1357 | D:2      | Reached XP level 3. HP: 25/30 MP: 4/4
  1456 | D:2      | Reached skill level 1 in Maces & Flails
  1511 | D:2      | Found a sacrificial altar of Ru.
  1579 | D:2      | Became a worshipper of Ru the Awakened
  2084 | D:2      | Reached skill level 3 in Fighting
  2084 | D:2      | Reached XP level 4. HP: 26/38 MP: 5/5
  2348 | D:3      | Noticed Sigmund
  2360 | D:3      | Killed Sigmund
  2361 | D:3      | Reached skill level 4 in Fighting
  2361 | D:3      | Reached skill level 3 in Maces & Flails
  2361 | D:3      | Reached XP level 5. HP: 43/47 MP: 6/6
  2550 | D:3      | Reached XP level 6. HP: 45/53 MP: 7/7
  2941 | D:3      | Noticed Jessica
  2942 | D:3      | Killed Jessica
  2944 | D:3      | Noticed Grinder
  2961 | D:2      | Gained mutation: You are somewhat inexperienced. (-2 XL)
                  | [Ru sacrifice]
  2961 | D:2      | Reached XP level 5. HP: 44/47 MP: 15/15
  2961 | D:2      | Reached XP level 4. HP: 41/41 MP: 14/14
  2961 | D:2      | Reached * piety under Ru
  2961 | D:2      | Reached ** piety under Ru
  3477 | D:4      | Noticed Robin
  3530 | D:4      | Killed Robin
  3551 | D:4      | Reached skill level 5 in Fighting
  3582 | D:4      | Reached XP level 5. HP: 48/48 MP: 6/6
  4336 | D:4      | Reached skill level 4 in Maces & Flails
  4397 | D:4      | Reached XP level 6. HP: 38/56 MP: 7/7
  4709 | D:4      | Reached skill level 6 in Fighting
  5059 | D:4      | Identified the +8 dagger of Resourcefulness {speed, Will-
                  | Str+4}
  5059 | D:4      | Noticed Blork the orc
  5097 | D:4      | HP: 1/57 [something (3)]
  5098 | D:4      | Slain by Blork the orc

Illustrated notes

Levels and vault maps discovered:
D:1:      elethiomel_arrival_infinity_welcomes_careful_drivers,
          layout_loops_ring, tso_metal_star
D:2:      layout_basic, nicolae_ru_awakened_eye
D:3:      layout_loops_corners, uniq_jessica, uniq_sigmund, uniq_grinder
D:4:      minmay_octagon_keep, layout_basic, uniq_robin, uniq_blork_the_orc

Skill      XL: |  1  2  3  4  5  6 |
---------------+-------------------+-----
Fighting       | 1 2 3 5 6 |  6.1
Maces & Flails | 1 3 4 |  4.7
Dodging        | |  1.7
Stealth        | |  2.1
Spellcasting   | |  1.7
Transmutations | |  0.8
Poison Magic   | |  3.0

Action                   |  1- 3 |  4- 6 || total
-------------------------+-------+-------++-------
Melee: Unarmed           |    36 |       ||    36
       Mace              |   102 |   257 ||   359
Throw: Dart              |       |    37 ||    37
Invok: Sacrifice Experie |       |     1 ||     1
  Use: Scroll            |       |     9 ||     9
       Potion            |       |     5 ||     5
 Stab: Invisible         |       |     1 ||     1
Armor: Ring mail         |     5 |       ||     5
       Scale mail        |    58 |   113 ||   171
Dodge: Dodged            |    78 |   111 ||   189
